 Dungeon Crawl Stone Soup version 0.26-a0-690-gcb57259078 (webtiles) character file.

Game seed: 17109075783916599046

12155 somkeydreadnuts the Tainter (level 11, -4/84 HPs)
             Began as a Barachi Fire Elementalist on Oct 24, 2020.
             Slain by a five-headed hydra (5 damage)
             ... on level 12 of the Dungeon.
             The game lasted 01:30:50 (12779 turns).

somkeydreadnuts the Tainter (BaFE)                 Turns: 12779, Time: 01:30:50

Health: -4/84      AC: 11    Str: 13    XL:     11   Next: 88%
Magic:  4/21       EV: 13    Int: 25    God:
Gold:   586        SH:  6    Dex: 14    Spells: 5/24 levels left

rFire    + . .     SeeInvis .   w - +9 broad axe of Cruel Justice {drain, rC+ rN+ Stlth+}
rCold    + . .     Faith    .   z - +1 buckler
rNeg     + . .     Spirit   .   U - +0 acid dragon scales
rPois    .         Reflect  .   x - +1 helmet
rElec    .         Harm     .   p - scarf {repulsion}
rCorr    +         Rampage  .   n - +0 pair of gloves
MR       .....                  l - +0 pair of boots
Stlth    +++.......             B - amulet of Faeniont {RegenMP rC+ Str+4 Int+7}
HPRegen  0.24/turn              j - ring of wizardry
MPRegen  0.42/turn              C - ring of fire

@: about to teleport, can't hop, repel missiles, slow
A: +LOS, swims, slowness 1, strong legs 1
a: Hop


You were on level 12 of the Dungeon.
You visited 2 branches of the dungeon, and saw 13 of its levels.

You collected 666 gold pieces.
You spent 80 gold pieces at shops.

Inventory:

Hand Weapons
 w - the +9 broad axe of Cruel Justice (weapon) {drain, rC+ rN+ Stlth+}
   (You found it on level 6 of the Dungeon)

   A truly terrible weapon, it drains the life of those it strikes.
   It protects you from cold.
   It protects you from negative energy.
   It makes you more stealthy.
Armour
 a - a +0 robe
 l - a +0 pair of boots (worn)
 n - a +0 pair of gloves (worn)
 p - a scarf of repulsion (worn)
 x - a +1 helmet (worn)
 z - a +1 buckler (worn)
 U - +0 acid dragon scales (worn)
Jewellery
 e - a cursed ring of teleportation
 j - a ring of wizardry (left hand)
 B - the amulet of Faeniont (around neck) {RegenMP rC+ Str+4 Int+7}
   (You took it off a centaur on level 7 of the Dungeon)

   [amulet of magic regeneration]

   It increases your magic regeneration.
   It affects your strength (+4).
   It affects your intelligence (+7).
   It protects you from cold.
 C - a ring of fire (right hand)
 V - an uncursed ring of protection from fire
Wands
 t - a wand of polymorph (27)
 A - a wand of flame (61)
 K - a wand of enslavement (12)
 M - a wand of paralysis (7)
 N - a wand of iceblast (4)
Scrolls
 b - 2 scrolls of enchant weapon {unknown}
 c - 7 scrolls of teleportation
 d - 11 scrolls of identify
 f - 2 scrolls of immolation
 g - 4 scrolls of enchant armour
 h - 4 scrolls of remove curse
 i - 2 scrolls of fear
 m - 2 scrolls of amnesia
 v - 2 scrolls of magic mapping
 y - a scroll of holy word
 G - a scroll of fog
Potions
 o - 2 potions of degeneration {unknown}
 q - a potion of curing
 r - a potion of ambrosia
 s - 4 potions of mutation
 D - 2 potions of flight
 J - a potion of resistance
 O - a potion of haste
 P - a potion of experience {unknown}


   Skills:
 - Level 7.5 Fighting
 - Level 1.1(1.2) Axes
   Level 0.3(0.7) Polearms
 - Level 4.1 Armour
 - Level 4.2 Dodging
 - Level 1.9 Stealth
 - Level 4.5 Shields
 - Level 0.4 Unarmed Combat
 * Level 7.3 Spellcasting
 - Level 8.4 Conjurations
 - Level 9.1 Fire Magic
 - Level 10.6 Poison Magic


You had 5 spell levels left.
You knew the following spells:

 Your Spells              Type           Power        Failure   Level
a - Foxfire               Conj/Fire      ####         1%          1
b - Conjure Flame         Conj/Fire      ######..     1%          3
c - Fireball              Conj/Fire      ######....   2%          5
d - Mephitic Cloud        Conj/Pois/Air  #####...     1%          3
e - Ignite Poison         Fire/Tmut/Pois ######..     1%          3
f - Olgreb's Toxic Radia  Pois           ######..     1%          4

Your spell library contained the following spells:

 Spells                   Type           Power        Failure   Level
 Sting                    Tmut/Pois      ####         1%          1
 Poisonous Vapours        Pois/Air       #####.       1%          2
 Inner Flame              Hex/Fire       #####...     1%          3
 Sticky Flame             Conj/Fire      ######..     1%          4


Dungeon Overview and Level Annotations

Branches:
Dungeon (12/15)            Temple (1/1) D:6            Lair (0/6) D:9
    Orc: D:9-12

Altars:
Ashenzari
Cheibriados
Dithmenos
Elyvilon
Fedhas
Gozag
Hepliaklqana
Kikubaaqudgha
Makhleb
Nemelex Xobeh
Okawaru
Qazlal
Ru
Sif Muna
Trog
Uskayaw
Vehumet
Wu Jian
Xom
Yredelemnul
Zin
The Shining One

Shops:
D:4 !   D:11 *


Innate Abilities, Weirdness & Mutations

You can be seen from farther away. (+LOS)
You can swim through water.
You cover ground slowly.
You can hop short distances.


Message History

You feel strangely unstable.
The basilisk looks as sick as possible!
Your toxic aura wanes.
The five-headed hydra closely misses you.
The five-headed hydra bites you.
You block the five-headed hydra's attack.
The five-headed hydra bites you.
* * * LOW HITPOINT WARNING * * *
The five-headed hydra bites you but does no damage.
Unknown command.
You hit the five-headed hydra but do no damage.
The five-headed hydra is moderately wounded.
The five-headed hydra bites you!
* * * LOW HITPOINT WARNING * * *
The five-headed hydra bites you!
* * * LOW HITPOINT WARNING * * *
The five-headed hydra bites you.
* * * LOW HITPOINT WARNING * * *
The five-headed hydra bites you but does no damage.
The five-headed hydra bites you.
You die...

##########..#...#
# ##
#.^.))......#)..#
#
#...†).)........#
#
#...........#...#
#
#..)........#...#
.. #....[......#
### #
###########.#
#.###########
#luD@........
#.###########
#.o.# ..#..#
#.###.# #J .# ..
. .. . ..o ..


You could see a five-headed hydra, a red ugly thing (very poisoned) and a
basilisk (extremely poisoned).

Vanquished Creatures
  Harold (D:10)
  A boulder beetle (D:12)
  A two-headed ogre (D:9)
  A centaur zombie (D:11)
  A cyclops (D:11)
  Psyche (D:10)
  Joseph (D:8)
  3 trolls
  2 polar bears (D:10)
  Prince Ribbit (D:7)
  3 wraiths
  3 wyverns
  8 yaks (D:11)
  2 acid dragons
  2 sky beasts
  4 orc warriors
  3 black bears (D:9)
  9 ogres
  3 phantoms
  8 centaurs
  A big kobold (D:8)
  Blork the orc (D:3)
  4 bullfrogs
  4 scorpions
  3 killer bees (D:11)
  9 wights
  2 howler monkeys (D:10)
  2 quasits
  7 orc priests
  2 bullfrog zombies
  9 hounds
  3 jellies
  12 orc wizards
  5 iguanas
  8 worker ants
  A hound zombie (D:7)
  4 hound skeletons
  A howler monkey zombie (D:11)
  A worker ant zombie (D:10)
  9 adders
  3 gnolls (D:6)
  A howler monkey skeleton (D:8)
  A shadow imp (D:5)
  A white imp (D:7)
  2 ufetubi
  An ooze (D:4)
  4 worms
  4 dart slugs
  7 leopard geckos
  38 orcs
  2 ball pythons
  2 giant cockroaches
  9 goblins
  9 hobgoblins
  10 jackals
  4 quokkas
  8 bats
  4 frilled lizards
  A jackal skeleton (D:4)
  12 kobolds
  14 rats
283 creatures vanquished.

Vanquished Creatures (others)
  1046 foxfires
  21 fungi (D:9)
  12 plants (D:9)
1079 creatures vanquished.

Grand Total: 1362 creatures vanquished

Notes
Turn   | Place    | Note
-------+----------+-------------------------------------------
     0 | D:1      | somkeydreadnuts the Barachi Fire Elementalist began the
                  | quest for the Orb.
     0 | D:1      | Reached XP level 1. HP: 13/13 MP: 3/3
   206 | D:1      | Reached XP level 2. HP: 8/19 MP: 0/5
   870 | D:1      | Reached XP level 3. HP: 24/24 MP: 2/6
  1839 | D:3      | Reached XP level 4. HP: 27/30 MP: 4/7
  2355 | D:3      | Noticed Blork the orc
  2367 | D:3      | Killed Blork the orc
  2367 | D:3      | Reached XP level 5. HP: 31/35 MP: 0/8
  2442 | D:3      | Found a shimmering blue altar of Sif Muna.
  2573 | D:3      | Found an opulent altar of Gozag.
  2852 | D:3      | Learned a level 3 spell: Conjure Flame
  3237 | D:4      | Noticed an ogre
  3251 | D:4      | Killed an ogre
  3251 | D:4      | Reached skill level 5 in Fire Magic
  3251 | D:4      | Reached XP level 6. HP: 41/41 MP: 0/9
  3258 | D:4      | Learned a level 5 spell: Fireball
  3410 | D:4      | Found Tuolited's Distillery.
  3419 | D:4      | Bought a potion of ambrosia for 80 gold pieces
  3493 | D:4      | Reached skill level 5 in Conjurations
  3948 | D:4      | Found a sacrificial altar of Ru.
  4279 | D:4      | Reached XP level 7. HP: 43/46 MP: 6/10
  4565 | D:5      | Entered Level 5 of the Dungeon
  5527 | D:5      | Reached XP level 8. HP: 52/52 MP: 10/15
  5737 | D:5      | Reached skill level 5 in Spellcasting
  5920 | D:6      | Found a shimmering altar of Xom.
  5934 | D:6      | Found an ornate altar of the Wu Jian Council.
  5934 | D:6      | Found a snail-covered altar of Cheibriados.
  5935 | D:6      | Found an iron altar of Okawaru.
  5935 | D:6      | Found an ornate altar of the Wu Jian Council.
  5935 | D:6      | Found a shimmering altar of Xom.
  5946 | D:6      | Got a masterwork broad axe
  5947 | D:6      | Identified the +9 broad axe of Cruel Justice {drain, rC+
                  | rN+ Stlth+} (You found it on level 6 of the Dungeon)
  6252 | D:6      | Found a staircase to the Ecumenical Temple.
  6338 | Temple   | Entered the Ecumenical Temple
  6925 | D:6      | Found a radiant altar of Vehumet.
  6925 | D:6      | Found a shimmering blue altar of Sif Muna.
  6929 | D:6      | Found a white marble altar of Elyvilon.
  6929 | D:6      | Found a snail-covered altar of Cheibriados.
  6931 | D:6      | Found a broken altar of Ashenzari.
  6931 | D:6      | Found a blossoming altar of Fedhas.
  6932 | D:6      | Found a bloodstained altar of Trog.
  7217 | D:6      | Reached XP level 9. HP: 43/57 MP: 2/16
  7310 | D:7      | Noticed Prince Ribbit
  7319 | D:7      | Killed Prince Ribbit
  7562 | D:7      | Reached skill level 1 in Axes
  7564 | D:7      | Identified the amulet of Faeniont {RegenMP rC+ Str+4 Int+7}
  8115 | D:8      | Reached skill level 1 in Fighting
  8145 | D:8      | Found a sacrificial altar of Ru.
  8253 | D:8      | Found a hide-covered altar of Uskayaw.
  8345 | D:8      | Noticed Joseph
  8357 | D:8      | Killed Joseph
  8357 | D:8      | Reached skill level 5 in Fighting
  9127 | D:8      | Learned a level 3 spell: Mephitic Cloud
  9239 | D:9      | Noticed a troll
  9274 | D:9      | Killed a troll
  9274 | D:9      | Reached XP level 10. HP: 33/79 MP: 6/17
  9551 | D:9      | Noticed a two-headed ogre
  9643 | D:9      | Learned a level 3 spell: Ignite Poison
  9732 | D:9      | Reached skill level 1 in Armour
  9777 | D:9      | Reached skill level 1 in Poison Magic
  9852 | D:9      | Found a staircase to the Lair.
 10226 | D:9      | Killed a two-headed ogre
 10262 | D:10     | Entered Level 10 of the Dungeon
 10279 | D:10     | Reached skill level 2 in Poison Magic
 10308 | D:10     | Noticed Psyche
 10314 | D:10     | Reached skill level 3 in Poison Magic
 10326 | D:10     | Paralysed by Psyche for 3 turns
 10334 | D:10     | Killed Psyche
 10334 | D:10     | Reached skill level 4 in Poison Magic
 10350 | D:10     | Reached skill level 5 in Poison Magic
 10452 | D:10     | Reached skill level 6 in Poison Magic
 10661 | D:10     | Learned a level 4 spell: Olgreb's Toxic Radiance
 10667 | D:10     | Reached XP level 11. HP: 84/84 MP: 15/18
 10700 | D:10     | Found a bloodstained altar of Trog.
 10767 | D:10     | Noticed Harold
 10781 | D:10     | Killed Harold
 10781 | D:10     | Reached skill level 8 in Poison Magic
 11060 | D:11     | Noticed a cyclops
 11480 | D:11     | Reached skill level 9 in Poison Magic
 11605 | D:11     | Killed a cyclops
 11701 | D:11     | Reached skill level 10 in Poison Magic
 11804 | D:11     | Found Itteihuc's General Store.
 11992 | D:11     | Found a glowing golden altar of the Shining One.
 12486 | D:12     | Noticed a boulder beetle
 12498 | D:12     | Killed a boulder beetle
 12753 | D:12     | Noticed a five-headed hydra
 12763 | D:12     | Noticed a red ugly thing
 12767 | D:12     | Noticed a centaur warrior
 12779 | D:12     | HP: 1/84 [five-headed hydra (6)]
 12779 | D:12     | Slain by a five-headed hydra

Illustrated notes

Levels and vault maps discovered:
D:1:      evilmike_arrival_fibonacci_small, layout_basic, minmay_misc_feat_room
D:2:      layout_basic
D:3:      layout_loops_ring, lemuel_doored_altar, palyth_stone_intersect,
          tgw_sif
D:4:      layout_loops_corners, serial_shops, shop,
          eino_small_chamber_without_monster, hangedman_ru_absence
D:5:      layout_loops_corners
D:6:      layout_rooms, grunt_temple_overflow_open, minmay_temple_entry_tees,
          minmay_misc_feat_enclosed, doesnt_xom_only_xom
D:7:      layout_loops_cross, serial_glass, glass_columns_b, glass_columns_c,
          item_on_display_a, uniq_prince_ribbit1
D:8:      minmay_diamond_stairs, layout_basic, kennysheep_little_box,
          basic_altar, minmay_misc_feat_columns, uniq_joseph
D:9:      layout_basic, grunt_lair_entry_orc_guard_hut, st_stairs_4
D:10:     layout_cave_pools, trog_ov_bears_minmay, uniq_psyche, uniq_harold
D:11:     layout_cross, serial_shops, shop, basic_altar
D:12:     layout_rooms
Temple:   oiseaux_autumnal_temple

Skill      XL: |  1  2  3  4  5  6  7  8  9 10 11 |
---------------+----------------------------------+-----
Conjurations   | 2 4 5 6 7 8 |  8.4
Fire Magic     | 4 5 6 8 9 |  9.1
Spellcasting   | 4 5 7 |  7.3
Axes           | 1 |  1.1
Fighting       | 7 |  7.5
Shields        | 2 4 |  4.5
Armour         | 4 |  4.1
Poison Magic   | 6 10 | 10.6
Dodging        | 4 |  4.2
Polearms       | |  0.3
Stealth        | |  1.9
Unarmed Combat | |  0.4

Action                   |  1- 3 |  4- 6 |  7- 9 | 10-12 || total
-------------------------+-------+-------+-------+-------++-------
Melee: Unarmed           |    38 |       |       |       ||    38
       Spear             |     2 |    27 |    10 |       ||    39
       Broad axe         |       |       |    21 |    48 ||    69
 Cast: Foxfire           |    67 |    91 |   213 |   238 ||   609
       Conjure Flame     |       |     3 |     3 |     3 ||     9
       Fireball          |       |       |     7 |     6 ||    13
       Mephitic Cloud    |       |       |       |     7 ||     7
       Ignite Poison     |       |       |       |    22 ||    22
       Olgreb's Toxic Ra |       |       |       |    19 ||    19
 Abil: Hop               |     1 |     2 |     5 |     3 ||    11
  Use: Potion            |     6 |       |     1 |     6 ||    13
       Scroll            |       |       |     6 |    10 ||    16
Armor: Robe              |    17 |    16 |    25 |    10 ||    68
       Acid dragon scale |       |       |       |    21 ||    21
Dodge: Dodged            |    45 |    40 |    69 |    86 ||   240
       Repelled          |       |     1 |     2 |     4 ||     7
Block: Buckler           |       |       |     5 |    39 ||    44

Table legend: (Time is in decaauts)
 A = Elapsed time spent in this place.
 B = Non-inter-level travel time spent in this place.
 C = Inter-level travel time spent in this place.
 D = Time resting spent in this place.
 E = Time spent auto-exploring this place.
 F = Levels seen in this place.
 G = Mean time per level.
                   A        B        C        D        E       F      G
               +--------+--------+--------+--------+--------+-----+--------+
         Total |  14249 |  14249 |      0 |      0 |  10117 |  13 | 1096.1 |
       Dungeon |  13738 |  13738 |      0 |      0 |   9860 |  12 | 1144.8 |
        Temple |    510 |    510 |      0 |      0 |    257 |   1 |  510.0 |
               +--------+--------+--------+--------+--------+-----+--------+

Top non-repeatable levels by time:
     D:4: 1808 daAuts
    D:10: 1355 daAuts
     D:3: 1348 daAuts
     D:5: 1312 daAuts
     D:9: 1251 daAuts
     D:8: 1236 daAuts
     D:6: 1134 daAuts
    D:11: 1123 daAuts
     D:1: 1118 daAuts
     D:2: 866 daAuts
     D:7: 863 daAuts
  Temple: 510 daAuts
    D:12: 319 daAuts
